 Dungeon Crawl Stone Soup version 0.30.1-11-g7821555f0a (webtiles) character file.

Game seed: 17178517900004650553

18 ChrisAssaf the Sneak (level 2, -7/21 HPs)
             Began as a Djinni Enchanter on Nov 28, 2023.
             Mangled by Terence
             ... wielding a +0 flail
              (10 damage)
             ... on level 2 of the Dungeon.
             The game lasted 00:03:23 (704 turns).

ChrisAssaf the Sneak (Djinni Enchanter)              Turns: 704, Time: 00:03:24

Health: -7/21      AC:  8    Str:  7    XL:     2   Next: 90%
Gold:   8          EV: 11    Int: 16    God:
                   SH:  0    Dex: 13

rFire   + + .        a - +1 dagger
rCold   x . .        (no shield)
rNeg    . . .        g - +2 leather armour {Will+}
rPois   ∞            (no helmet)
rElec   .            (no cloak)
rCorr   .            e - +2 pair of gloves
SInv    .            (boots unavailable)
Will    +....        (no amulet)
Stlth   ++           (no ring)
HPRegen 0.23/turn    (no ring)
MPRegen 0.00/turn

%: infuse magic (-8 HP)
@: flying, invisible
A: sickness immunity, fire resistance 2, cold vulnerability 1, float, innate
caster, HP casting, extra vitality 1
a: no special abilities


You were on level 2 of the Dungeon.
You visited 1 branch of the dungeon, and saw 2 of its levels.

You collected 44 gold pieces.
You spent 36 gold pieces at shops.

Inventory:

Hand Weapons
 a - a +1 dagger (weapon)
Armour
 b - a +0 robe
 e - a +2 pair of gloves (worn)
 g - a +2 leather armour of willpower (worn)
Scrolls
 d - a scroll of noise {unknown}
 f - a scroll of identify {unknown}
Potions
 c - a potion of invisibility


   Skills:
 * Level 0.3 Fighting
 * Level 1.1 Short Blades
 * Level 0.2 Armour
 * Level 2.2 Dodging
 * Level 2.7 Stealth
 * Level 2.7 Spellcasting


You knew the following spells:

 Your Spells              Type           Power      Damage    Failure   Level
a - Ensorcelled Hibernat  Hex/Ice        20%        N/A       14%         2
b - Confusing Touch       Hex            10%        N/A       28%         3
c - Tukima's Dance        Hex            10%        N/A       28%         3
d - Dazzling Flash        Conj/Hex       20%        N/A       28%         3
Your spell library was empty.

Dungeon Overview and Level Annotations

Branches:
Dungeon (2/15)

Altars:

Shops:
D:1 !

Annotations:
D:2 Terence


Innate Abilities, Weirdness & Mutations

You are immune to sickness and miasma.
You are immune to poison.
Your flesh is very heat resistant. (rF++)
You are vulnerable to cold. (rC-)
You float through the air rather than walking.
You learn spells naturally, not from books.
Your magical power is your life essence.
You have superior vitality. (+4 MHP)


Message History

You hit Terence but do no damage.
Terence is severely wounded.
Terence hits you but does no damage.
You hit Terence but do no damage.
Terence is severely wounded.
You cannot move.
Unknown command.
You barely miss Terence.
Terence is severely wounded.
Terence hits you with a +0 flail.
* * * LOW HITPOINT WARNING * * *
You barely miss Terence.
Terence is severely wounded.
Terence barely misses you.
You hit Terence.
Terence is almost dead.
Your transformation is almost over.
You cannot move.
You cannot move.
You feel less wooden.
Your +2 pair of gloves unmelds from your body.
Your +2 leather armour of willpower unmelds from your body.
You feel strong-willed.
You start resting.
Terence is nearby!
You hit Terence but do no damage.
Terence is severely wounded.
Terence screams, "I'm going to kill you!"
Terence hits you but does no damage.
You completely miss Terence.
Terence is severely wounded.
Terence hits you but does no damage.
You barely miss Terence.
Terence is severely wounded.
Terence hits you with a +0 flail!
* * * LOW HITPOINT WARNING * * *
You hit Terence but do no damage.
Terence is severely wounded.
Terence hits you with a +0 flail!
You die...

###
######.###
#<.......#
######@###
#@# #..
####


You could see Terence (unable to see you).

Vanquished Creatures
  2 dart slugs (D:1)
  2 bats (D:1)
  A goblin (D:1)
  2 hobgoblins (D:1)
  A quokka (D:1)
  2 ball pythons (D:1)
  3 frilled lizards (D:1)
  A kobold (D:1)
  2 rats (D:1)
16 creatures vanquished.

Notes
Turn   | Place    | Note
-------+----------+-------------------------------------------
     0 | D:1      | ChrisAssaf the Djinni Enchanter began the quest for the
                  | Orb.
     0 | D:1      | ChrisAssaf set off with the following spells memorised:
                  | Ensorcelled Hibernation, Confusing Touch, Tukima's Dance,
                  | Dazzling Flash.
     0 | D:1      | Reached XP level 1. HP: 15/15 MP: 0/0
    92 | D:1      | Found Qamut's Distillery.
   132 | D:1      | Reached XP level 2. HP: 21/21 MP: 0/0
   147 | D:2      | Noticed Terence
   170 | D:1      | Reached skill level 1 in Short Blades
   647 | D:1      | Bought a potion of lignification for 36 gold pieces
   704 | D:2      | Mangled by Terence

Illustrated notes

Levels and vault maps discovered:
D:1:      nicolae_arrival_washed_ashore, layout_loops_ring, serial_shops, shop
D:2:      layout_basic, hellmonk_ecumenical_altar_pennies_from_heaven,
          minmay_fractal_squares_5, uniq_terence

Skill      XL: |  1  2 |
---------------+-------+-----
Short Blades   | 1 |  1.1
Fighting       | |  0.3
Armour         | |  0.2
Dodging        | |  2.2
Stealth        | |  2.7
Spellcasting   | |  2.7

Action                     || total
---------------------------++-------
  Melee: Dagger            ||    70
   Cast: Ensorcelled Hiber ||    18
    Use: Potion            ||     2
   Stab: Sleeping          ||     8
         Invisible         ||     1
 Armour: Robe              ||    16
         Skin              ||    12
         Leather armour    ||     5
  Dodge: Dodged            ||    45
